← All builds
Suicide front / Armada / Factory first / OBSERVED BUILD

Standard suicide front

Armada Suicide front build order · Supreme Isthmus

The role's baseline: Bot Lab at 0:21 then straight into reclaim-fed T1 bot production to contest the middle and hold until T2 arrives, with an Advanced Metal Extractor around 9:45.

#rush · 2020 distinct matches · 232 players · 71% of Armada Suicide front games · team won 59% of 2395 · Recently observed

HOW TO PLAY IT

Key timing: Bot Lab by 0:20

  1. Open with mex and lab-first to get Bot Lab up by 0:20.
  2. Expand mex and wind while lab pumps units toward middle.
  3. Push Sentry and early Rocketeer, Centurion to contest middle.
  4. Get T2 constructor out once Pond's boost lets you spare metal.
  5. Upgrade mex to Advanced Metal Extractor as you transition off T1 spam.

Phase by phase

TYPICAL OF ITS 2020 GAMES
  1. 1
  2. 2
  3. 3
PLAY THE OPENING

Follow the example game's first 6:00 step by step: what to build now, what comes next, and where it goes. At 1× it keeps pace with your own game.

  1. 1

    Bot Lab first

    Order
    1. Bot LabBot Lab done ~0:21, middle half 0:20–0:33

    Some games also: mex (44%)

  2. 2

    Bot Lab to 5:00

    Economy
    • Metal Extractor5Mex
    • Wind Turbine4Wind
    Builders
    • Construction Bot3 Con bot
    • Lazarus2 Lazarus
    Army
    • Sentry4 Sentry
    • Rocketeer16 Rocketeer
    • Tick2 Tick
    • Centurion1 Centurion
    Other
    • Radar Tower1 Radar Tower

    Some games also: pawn (37%) · con turret (34%)

    By 5:00 in all: 5 mex · 4 wind

    The example game in this phase · 31 steps
    1. LazarusLazarus
    2. Wind ×2
    3. SentrySentry
    4. CenturionCenturion
    5. Mex ×2
    6. LazarusLazarus
    7. Radar TowerRadar Tower
    8. NettleNettle
    9. CenturionCenturion
    10. Mex
    11. Construction BotCon bot
    12. Mex
    13. GruntGrunt ×2
    14. Construction BotCon bot
    15. LazarusLazarus
    16. Mex
    17. RocketeerRocketeer ×3
    18. GruntGrunt
    19. RocketeerRocketeer
    20. GraverobberGraverobber
    21. RocketeerRocketeer
    22. TickTick
    23. LazarusLazarus
    24. RocketeerRocketeer ×2
    25. Construction BotCon bot
    26. Radar TowerRadar Tower
    27. RocketeerRocketeer ×4
    28. SentrySentry
    29. TickTick
    30. LazarusLazarus
    31. RocketeerRocketeer
  3. 3

    5:00 to 10:00

    Economy
    • Metal Extractor1Mex
    • Wind Turbine15Wind
    Builders
    • Construction Turret2 Con turret
    • Lazarus2 Lazarus
    • Construction Bot1 Con bot
    Army
    • Sentry1 Sentry
    • Rocketeer8 Rocketeer

    Some games also: pawn (49%) · Radar Tower (46%) · tick (45%) · centurion (44%) · energy storage (43%) · eat Bot Lab (31%)

    By 10:00 in all: 6 mex · 21 wind · 1 energy storage · 2 con turret

    The example game in this phase · 80 steps
    1. RocketeerRocketeer ×4
    2. TickTick ×2
    3. LazarusLazarus
    4. RocketeerRocketeer ×2
    5. Con turret
    6. TickTick
    7. RocketeerRocketeer ×3
    8. Construction BotCon bot
    9. LazarusLazarus
    10. TickTick
    11. RocketeerRocketeer ×4
    12. TickTick
    13. RocketeerRocketeer
    14. Construction BotCon bot
    15. SentrySentry
    16. LazarusLazarus
    17. SentrySentry
    18. TickTick
    19. RocketeerRocketeer
    20. Mex
    21. RocketeerRocketeer ×4
    22. Construction BotCon bot
    23. Mex
    24. LazarusLazarus
    25. TickTick
    26. Advanced Metal ExtractorT2 mexdone 10:02 · typical 9:46
    27. RocketeerRocketeer
    28. Mex
    29. RocketeerRocketeer
    30. TickTick
    31. RocketeerRocketeer
    32. Mex
    33. RocketeerRocketeer
    34. PawnPawn
    35. RocketeerRocketeer ×3
    36. TickTick
    37. RocketeerRocketeer
    38. PawnPawn
    39. Advanced Metal ExtractorT2 mex
    40. RocketeerRocketeer
    41. Wind ×3
    42. RocketeerRocketeer
    43. Wind
    44. Radar TowerRadar Tower
    45. Wind ×6
    46. RocketeerRocketeer
    47. TickTick
    48. Wind
    49. RocketeerRocketeer
    50. RattlesnakeRattlesnakenot finished by 15:00
    51. Wind
    52. RocketeerRocketeer
    53. Wind ×3
    54. RocketeerRocketeer
    55. Wind ×13
    56. TickTick
    57. Wind
    58. BeamerBeamer
    59. TickTick ×2
    60. Energy storage
    61. TickTick ×2
    62. PawnPawn
    63. Sneaky PeteSneaky Pete
    64. RocketeerRocketeer
    65. TickTick
    66. Con turret
    67. RocketeerRocketeer ×2
    68. Con turret
    69. TickTick
    70. PawnPawn
    71. Con turret
    72. PawnPawn
    73. Metal storage
    74. TickTick
    75. PawnPawn ×2
    76. Con turret
    77. TickTick
    78. BeamerBeamer
    79. PawnPawn
    80. BeamerBeamer

Counts are medians over the build's games: half of them build more, half fewer. The example game is [Crd]HahnII's (32 OS, 06/10/2026); pick another.

Team trades

IN AT LEAST 30% OF ITS GAMES

You hand over

Nothing regular.

You get

  • Tidal Generator4 Tidal from Pondfirst at 0:11 · in 68% of games
  • Advanced Construction Bot1 T2 con bot from Geo or Techfirst at 7:41 · in 57% of games

How it plays out

Typical game of this build, running totals by minute

Metal produced

010k20k
0:005:0010:0015:00

metal

Enemy metal destroyed

05k10k
0:005:0010:0015:00

metal

Own metal lost

05k10k
0:005:0010:0015:00

metal

2395 games.

Show as table
ByMetal produced: This buildEnemy metal destroyed: This buildOwn metal lost: This build
1:0023000
2:0088600
3:002007184130
4:003108643501
5:0041841352998
6:00534921831707
7:00654430512590
8:00776039353502
9:00903546904383
10:001041253145163
11:001188958585965
12:001358364066686
13:001540468757453
14:001729875038214
15:001929281099007
WHAT THE NUMBERS SAY

Standard Suicide front play wins a bit over half its games while taking the heaviest own losses of any role by 15:00.

  • + Produces 20142 metal by 15:00, highest of the front roles.
  • + First kill by 2:01 in all games, fastest contest of middle.
  • − Own metal lost hits 9178 by 15:00, more than enemy metal destroyed.
  • − Only 34% Rocketeer share shows army spread thin across many bot types.
THE EXAMPLE YOU ARE READING

[Crd]HahnII

32.2 OS · 06/10/2026

Open source match ↗

7 received units · includes a constructor
557 metal received · 19849 energy received

Allied construction assistance is unknown. Timings are observations, not a promise of solo reproducibility.

Typical milestones

Bot Lab0:21Middle 50%: 0:20–0:33 · n=2387
Advanced Metal Extractor9:46Middle 50%: 8:50–10:58 · n=1732

Played most by

_X_262games of this buildPlatinumBlonde188games of this buildXad165games of this buildTrapCaT109games of this buildImmort80games of this build
Standard suicide front · Armada Suicide front build order · BAR Build Atlas